 Dungeon Crawl Stone Soup version 0.31-a0-115-g4708a659fe (webtiles) character file.

Game seed: 3202456016455364608

102 kae the Changer (level 4, 0/35 HPs)
             Began as a Draconian Transmuter on May 29, 2023.
             Killed by divine providence
             ... invoked by an orc priest
              (13 damage)
             ... on level 2 of the Dungeon.
             The game lasted 00:01:23 (1803 turns).

kae the Changer (Draconian Transmuter)              Turns: 1803, Time: 00:01:23

Health: 0/35       AC:  5    Str: 12    XL:     4   Next: 50%
Magic:  1/8        EV: 12    Int: 16    God:
Gold:   57         SH:  0    Dex: 11    Spells: 2/8 levels left

rFire   . .          .
                       - Unarmed
rCold   . . .        (no shield)
rNeg    . . .        (body armour unavailable)
rPois   .            (helmet restricted)
rElec   .            (no cloak)
rCorr   .            (no gloves)
SInv    .            (no boots)
Will    .....        (no amulet)
Stlth   +            (no ring)
HPRegen 0.25/turn    (no ring)
MPRegen 0.11/turn

%: no passive effects
@: wereblooded, very slightly contaminated
A: AC +5, unfitting armour, cold-blooded
a: no special abilities


You were on level 2 of the Dungeon.
You visited 1 branch of the dungeon, and saw 2 of its levels.

You collected 57 gold pieces.


Innate Abilities, Weirdness & Mutations

Your plain brown scales are hard. (AC +5)
You cannot fit into any form of body armour.
You are cold-blooded and may be slowed by cold attacks.


   Skills:
 - Level 1.1 Fighting
 - Level 1.7 Dodging
 - Level 3.0 Unarmed Combat
 + Level 2.8 Spellcasting
 * Level 3.7 Transmutations
 * Level 1.6 Poison Magic


You had 2 spell levels left.
You knew the following spells:

 Your Spells              Type           Power      Damage    Failure   Level
a - Beastly Appendage     Tmut           28%        N/A       4%          1
b - Wereblood             Tmut           14%        N/A       6%          2
c - Spider Form           Tmut/Pois      10%        N/A       19%         3

Your spell library contained the following spells:

 Spells                   Type           Power      Damage    Failure   Level
 Static Discharge         Conj/Air       4%         2-3/arc   28%         2
 Ice Form                 Ice/Tmut       8%         N/A       65%         4
 Airstrike                Air            1%         2d(1-17)  88%         4
 Summon Lightning Spire   Summ/Air       2%         N/A       88%         4

Inventory:

Missiles
 j - 6 stones
Magical Staves
 d - a staff of earth {!a}
   (You found it on level 1 of the Dungeon)
Scrolls
 c - a scroll of fear {unknown}
 g - a scroll of blinking {unknown}
 h - a scroll of enchant armour {unknown}
 i - a scroll of identify {unknown}
Potions
 a - a potion of lignification {!q}
 b - a potion of mutation {unknown}
 e - a potion of might {unknown}
 f - a potion of enlightenment {unknown}
 k - a potion of invisibility {unknown}

Dungeon Overview and Level Annotations

Branches:
Dungeon (2/15) Zot: 10171

Altars:

Shops:
D:1 [ D:2

* ###### #....# .[#∩∩∩.
########....# #..#.∩....#
#......#....# #.........#
##......#....# #.........#
#.......#....# #.........#
##.....###....###.........#
.+............##.o........#
##.†...###....<.@#.......#
##.....# #.#####.#...w...#
.#.....# #.....)†#.$.....#
)#)....# #....##.....#####
[#...### #....##.#)###
.....# #.#.....#.# #....#
##...###.#.#
.....####....###.#.#
##.............#.#.#


You could see an orc priest.


Message History

You tail-slap the orc priest, but do no damage.
The orc priest closely misses you. The orc closely misses you.
You barely miss the orc priest. Your kick misses the orc priest.
Your headbutt misses the orc priest. The orc barely misses you.
The orc priest hits you but does no damage.
Unknown command.
Casting: Beastly Appendage (safe; 4% risk of failure)
Confirm with . or Enter, or press ? or * to list all spells.
The spell is quite dangerous to miscast (19% risk of failure)!
Continue anyway? [Y]es or [N]o only, please.
The spell is quite dangerous to miscast (19% risk of failure)!
Continue anyway?
Okay, then.
The orc attacks as you move away! The orc barely misses you. 😕 HP[+1]
The orc priest attacks as you move away!
The orc priest hits you with a +0 hand axe.
Things that are here:
a +0 short sword; an orc corpse; 😕 HP[-2]
You take 2 damage, and now have 30/35 hp.
The rat bites you but does no damage. The orc closely misses you.
The rat attacks as you move away! The rat completely misses you.
The rat attacks as you move away! The rat barely misses you. 😕 HP[+1]
Found Peuryxi's Assorted Antiques.
There is a stone staircase leading up here.
The rat closely misses you.
You climb upwards.
Your transformation is almost over.
There is a stone staircase leading down here. 😕 HP[+1]
You barely miss the rat. You claw the rat.
You kill the rat!
There is a stone staircase leading down here. 😕 HP[+1]
You start resting.
Your horns disappear.
Your talons disappear. 😎 HP[+2]
Your hp is fully restored (35).
Casting: Spider Form (quite dangerous; 19% risk of failure)
Confirm with . or Enter, or press ? or * to list all spells.
The spell is quite dangerous to miscast (19% risk of failure)!
Continue anyway? [Y]es or [N]o only, please.
The spell is quite dangerous to miscast (19% risk of failure)!
Continue anyway?
You turn into a venomous arachnid creature. 😎 MP[-3]
You lost 3 mp, and now have 5/8 mp.
Casting: Spider Form (quite dangerous; 38% risk of failure)
Confirm with . or Enter, or press ? or * to list all spells.
Your blood is infused with primal strength. 😎 MP[-2]
You lost 2 mp, and now have 3/8 mp.
You climb downwards.
There is a stone staircase leading up here.
No target in view!
No target in view!
No target in view!
No target in view!
Unknown command.
No target in view!
No target in view!
The orc barely misses you.
You hit the orc but do no damage.
The orc is poisoned.
The orc misses you.
You hit the orc.
You kill the orc!
The dart slug launches a dart at you. The slug dart misses you.
You hit the dart slug.
The dart slug is poisoned.
Your transformation has ended. 😎 MP[+1]
You hit the dart slug.
You kill the dart slug!
The orc priest calls down the wrath of Beogh upon you.
Pain shoots through your body! 😕 HP[-8]
You take 8 damage, and now have 27/35 hp.
MASSIVE DAMAGE!! (PAUSE)
Casting: Wereblood (safe; 6% risk of failure)
Confirm with . or Enter, or press ? or * to list all spells.
The spell is quite dangerous to miscast (19% risk of failure)!
Continue anyway? [Y]es or [N]o only, please.
The spell is quite dangerous to miscast (19% risk of failure)!
Continue anyway?
You miscast Spider Form.
You are very lightly contaminated with residual magic.
Nothing appears to happen.
The orc priest invokes the aid of Beogh against you.
Beogh smites you!
* * * LOW HITPOINT WARNING * * *
😨 HP[-12] MP[-3]
You take 12 damage, and now have 15/35 hp.
MASSIVE DAMAGE!! (PAUSE)
You lost 3 mp, and now have 1/8 mp.
You hit the orc priest.
The orc priest hits you with a +0 hand axe.
* * * LOW HITPOINT WARNING * * *
😨 HP[-2]
You take 2 damage, and now have 13/35 hp.
You hit the orc priest.
The orc priest mumbles some strange prayers to Beogh against you.
Beogh smites you!
You die...

Skill      XL: |  1  2  3 |
---------------+----------+-----
Transmutations | 3 |  3.7
Poison Magic   | 1 |  1.6
Fighting       | |  1.1
Dodging        | |  1.7
Unarmed Combat | |  3.0
Spellcasting   | |  2.8

Action                     |  1- 3 |  4- 6 || total
---------------------------+-------+-------++-------
  Melee: Unarmed           |    54 |    36 ||    90
         Kick              |     8 |     2 ||    10
         Headbutt          |     4 |     3 ||     7
         Tailslap          |     2 |     6 ||     8
         Punch             |     1 |     1 ||     2
   Cast: Beastly Appendage |    12 |     2 ||    14
         Spider Form       |     3 |     1 ||     4
         Wereblood         |       |     1 ||     1
   Stab: Sleeping          |     1 |       ||     1
 Armour: Skin              |    11 |     7 ||    18
  Dodge: Dodged            |    47 |    30 ||    77

Levels and vault maps discovered:
D:1:      lightli_arrival_farm, layout_basic, serial_shops,
          nicolae_shop_hallway_plus, minivault_23
D:2:      layout_basic, serial_shops, nicolae_shop_dealshenge, uniq_sigmund,
          uniq_jessica, uniq_natasha

Notes
Turn   | Place    | Note
-------+----------+-------------------------------------------
     0 | D:1      | kae the Draconian Transmuter began the quest for the Orb.
     0 | D:1      | Reached XP level 1. HP: 16/16 MP: 3/3
     0 | D:1      | magus.rc [v1.11.3]
   294 | D:1      | Found Rifueqat's Armour Emporium.
   803 | D:1      | Reached XP level 2. HP: 16/23 MP: 3/5
  1080 | D:1      | Learned a level 2 spell: Wereblood
  1168 | D:2      | Noticed Natasha
  1179 | D:2      | HP: 5/23 [Natasha (7)]
  1180 | D:2      | Killed Natasha
  1181 | D:2      | Reached skill level 3 in Transmutations
  1181 | D:2      | Reached XP level 3. HP: 7/28 MP: 4/6
  1267 | D:2      | Learned a level 3 spell: Spider Form
  1445 | D:2      | Reached skill level 1 in Poison Magic
  1526 | D:2      | Reached XP level 4. HP: 35/35 MP: 5/8
  1547 | D:2      | HP: 8/35 [gnoll/+0 whip (1)]
  1552 | D:2      | HP: 4/35 [gnoll/+0 whip (4)]
  1758 | D:2      | You pick up a book of Storms and begin reading...
  1758 | D:2      | You add the spells Static Discharge, Airstrike and Summon
                  | Lightning Spire to your library.
  1774 | D:2      | Found Peuryxi's Assorted Antiques.
  1803 | D:2      | Killed from afar by an orc priest

Vanquished Creatures
  Natasha (D:2)
  2 adders (D:2)
  3 gnolls (D:2)
  2 dart slugs (D:2)
  2 orcs (D:2)
  5 bats
  An endoplasm (D:1)
  A giant cockroach (D:1)
  4 goblins
  A hobgoblin (D:2)
  A kobold (D:2)
  2 ball pythons
  2 frilled lizards (D:1)
  2 rats
29 creatures vanquished.

Table legend:
 A = Non-vault XP
 B = Vault XP
 C = Vault XP percentage of total XP
 D = Non-vault monster count
 E = Vault monster count
 F = Vault count percentage of total count
                 A         B        C        D         E       F
            +---------+---------+-------+---------+---------+-------
      Total |     111 |      36 |  24.5 |      28 |       1 |   3.4
            +---------+---------+-------+---------+---------+-------
        D:1 |      16 |       0 |   0.0 |      10 |       0 |   0.0
        D:2 |      95 |      36 |  27.5 |      18 |       1 |   5.3
            +---------+---------+-------+---------+---------+-------

Skill      XL: |  1  2  3 |
---------------+----------+-----
Transmutations | 3 |  3.7
Poison Magic   | 1 |  1.6
Fighting       | |  1.1
Dodging        | |  1.7
Unarmed Combat | |  3.0
Spellcasting   | |  2.8

Action                     |  1- 3 |  4- 6 || total
---------------------------+-------+-------++-------
  Melee: Unarmed           |    54 |    36 ||    90
         Kick              |     8 |     2 ||    10
         Headbutt          |     4 |     3 ||     7
         Tailslap          |     2 |     6 ||     8
         Punch             |     1 |     1 ||     2
   Cast: Beastly Appendage |    12 |     2 ||    14
         Spider Form       |     3 |     1 ||     4
         Wereblood         |       |     1 ||     1
   Stab: Sleeping          |     1 |       ||     1
 Armour: Skin              |    11 |     7 ||    18
  Dodge: Dodged            |    47 |    30 ||    77

Illustrated notes

Table legend:
 A = Kills in this place as a percentage of kills in the entire game.
 B = Kills by you in this place as a percentage of kills by you in the entire game.
 C = Kills by friends in this place as a percentage of kills by friends in the entire game.
 D = Other kills in this place as a percentage of other kills in the entire game.
 E = Experience gained in this place as a percentage of experience gained in the entire game.
 F = Experience gained in this place divided by the number of levels of this place that you have seen.
                   A       B       C       D       E      F
               +-------+-------+-------+-------+-------+----------------------
         Total | 100.0 | 100.0 |   N/A |   N/A | 100.0 |  73.5
       Dungeon | 100.0 | 100.0 |   N/A |   N/A | 100.0 |  73.5
               +-------+-------+-------+-------+-------+----------------------

Table legend: (Time is in decaauts)
 A = Elapsed time spent in this place.
 B = Non-inter-level travel time spent in this place.
 C = Inter-level travel time spent in this place.
 D = Time resting spent in this place.
 E = Time spent auto-exploring this place.
 F = Levels seen in this place.
 G = Mean time per level.
                   A        B        C        D        E       F      G
               +--------+--------+--------+--------+--------+-----+--------+
         Total |   1827 |   1743 |     84 |    128 |   1333 |   2 |  913.5 |
       Dungeon |   1827 |   1743 |     84 |    128 |   1333 |   2 |  913.5 |
               +--------+--------+--------+--------+--------+-----+--------+

Top non-repeatable levels by time:
     D:1: 1422 daAuts
     D:2: 405 daAuts
